Cogmind - Beta 16 @@@ ROGUE MODE // 2025.11.16 @ 06:04:04 // Winter2019/RPGLIKE Player: GFYguy Result: Self-destructed Performance ------------- Evolutions (1) 500 Regions Visited (2) 400 Robots Destroyed (1) 5 Value Destroyed (2) 2 Prototype IDs (0) 0 Alien Tech Used (0) 0 Bonus (0) 0 TOTAL SCORE: 907 Bonus ------- None Cogmind --------- Core Integrity 581/600 Matter 300/300 Energy 124/125 System Corruption 0% Temperature Cool (2) Movement Flying (37) Location -9/Materials Parts ------- > --- POWER (1) -------- Light Ion Engine > --- PROPULSION (2) --- Flight Unit Flight Unit > --- UTILITY (1) ------ (None) > --- WEAPON (1) ------- Medium Laser > --- INVENTORY (0) ---- (None) Peak State ------------ > --- POWER ------------ Light Ion Engine > --- PROPULSION ------- Flight Unit Flight Unit > --- UTILITY ---------- (None) > --- WEAPON ----------- Medium Laser > --- INVENTORY -------- (None) [Rating: 4] Favorites ----------- Power Light Ion Engine Engine Light Ion Engine Propulsion Flight Unit Flight Unit Flight Unit Utility None Weapon Medium Laser Energy Gun Medium Laser Build | -11 -10 -9 ------- Run | Yrd Mat Mat Slots Evolved 1 | . 1 . Power . | . . . Propulsion 1 | . 1 . Utility . | . . . Weapon . | . . . Parts Attached 5 | 1 4 . Power 1 | . 1 . Engine 1 | . 1 . Core . | . . . Reactor . | . . . Propulsion 2 | . 2 . Treads . | . . . Leg . | . . . Wheel . | . . . Hover . | . . . Flight 2 | . 2 . Utility . | . . . Device . | . . . Storage . | . . . Processor . | . . . Hackware . | . . . Protection . | . . . Artifact . | . . . Weapon 2 | 1 1 . Energy Gun 2 | 1 1 . Energy Cannon . | . . . Ballistic Gun . | . . . Ballistic Cannon . | . . . Launcher . | . . . Special Weapon . | . . . Impact Weapon . | . . . Slashing Weapon . | . . . Piercing Weapon . | . . . Special Melee Weapon . | . . . Unidentified Prototypes . | . . . Parts Lost . | . . . Power . | . . . Propulsion . | . . . Utility . | . . . Weapon . | . . . Highest Loss Streak . | . . . To Critical Strikes . | . . . Average Backups . | . . . Power . | . . . Propulsion . | . . . Utility . | . . . Weapon . | . . . Tool/Special . | . . . Unused Backups . | . . . Power . | . . . Propulsion . | . . . Utility . | . . . Weapon . | . . . Tool/Special . | . . . Average Slot Usage (%) 47 | . 44 80 Engine 5 | . 4 20 Flight 21 | . 20 40 Energy Gun 20 | . 20 20 Peak Build Rating 4 | 1 4 4 Average Rating 2 | . 2 4 On Entrance 1 | . 1 4 Avg Prop Armor Cover (%) . | . . . Naked Turns 2 | . 2 . Heaviest Build 5 | 1 5 5 Greatest Support 8 | 3 8 8 Greatest Overweight (x) . | . . . Average Overweight (x) . | . . . Largest Inventory Capacity . | . . . Average Capacity . | . . . Most Carried . | . . . Average Carried . | . . . Final Capacity . | . . . Final Carried . | . . . Class Distribution -------------------- 100% | Mutant Dominant Class ---------------- Mutant | -10/Materials Mutant | -9/Materials Resources | -11 -10 -9 ----------- Run | Yrd Mat Mat Matter Collected 250 | 210 40 . Remotely . | . . . Salvage Created 51 | . 51 . Parts . | . . . Haulers Intercepted 1 | . 1 . Recyclers Shooed . | . . . Parts Field Recycled . | . . . Retrieved Matter . | . . . Parts Self-Destructed . | . . . Prevented . | . . . Parts Restored . | . . . Kills | -11 -10 -9 ------- Run | Yrd Mat Mat Combat Hostiles Destroyed . | . . . Classes Destroyed 1 | . 1 . Hauler 1 | . 1 . Best Kill Streak 1 | . 1 . Combat Bots Only . | . . . Max Kills in Single Turn 1 | . 1 . Gunslinging . | . . . Exploded . | . . . Melee . | . . . Uniques/NPCs Destroyed . | . . . Combat | -11 -10 -9 -------- Run | Yrd Mat Mat Hostile Shots Fired 7 | . 7 . Missed 4 | . 4 . Hits 3 | . 3 . Projectile 3 | . 3 . Damage Taken 25 | . 25 . Core 19 | . 19 . Absorbed by Shields . | . . . Redirected to Core 19 | . 19 . Core Remaining (%) 98 | 100 96 . Volleys Fired 11 | . 11 . Largest 1 | . 1 . Hottest 50 | . 50 . Shots Fired 11 | . 11 . Gun 11 | . 11 . Cannon . | . . . Launcher . | . . . Special . | . . . Kinetic . | . . . Thermal 11 | . 11 . Explosive . | . . . Electromagnetic . | . . . Robot Hit Streak 3 | . 3 . Robot Miss Streak 1 | . 1 . Penetration Max . | . . . Secondary Targets . | . . . Shots Hit Robots 7 | . 7 . Core Hits 2 | . 2 . Critical Kills . | . . . Critical Parts Destroyed . | . . . Critical Strikes 1 | . 1 . Burn 1 | . 1 . Melee Attacks . | . . . Impact . | . . . Slashing . | . . . Piercing . | . . . Sneak Attacks . | . . . Combat Hostiles . | . . . Follow-up Attacks . | . . . Damage Inflicted 86 | . 86 . Guns 86 | . 86 . Cannons . | . . . Explosions . | . . . Melee . | . . . Ramming . | . . . Kinetic . | . . . Thermal 86 | . 86 . Explosive . | . . . Electromagnetic . | . . . Impact . | . . . Slashing . | . . . Piercing . | . . . Highest Corruption . | . . . Average Corruption . | . . . Corruption Purged . | . . . Corruption Blocked . | . . . Overload Shots . | . . . Overflow Damage . | . . . Projectiles . | . . . Explosions . | . . . Melee . | . . . Knockbacks . | . . . Impact . | . . . Kinetic . | . . . Secondary . | . . . Self-Inflicted Damage . | . . . Shots . | . . . Rammed . | . . . Targets Rammed . | . . . Kicked . | . . . Crushed . | . . . Highest Temperature 28 | . 28 . Average Temperature 10 | . 10 . Received Heat Transfer . | . . . Siege Activations . | . . . Martial Activations . | . . . Shielding Activations . | . . . Robots Disrupted . | . . . Combat Hostiles . | . . . Robots Corrupted . | . . . Combat Hostiles . | . . . Parts Fried . | . . . Impact Corruptions . | . . . Robots Melted . | . . . Combat Hostiles . | . . . Parts Melted 1 | . 1 . Heat Transferred 333 | . 333 . Parts Sabotaged . | . . . Parts Stolen . | . . . Parts Stripped . | . . . Power Chain Reactions . | . . . Alert | -11 -10 -9 ------- Run | Yrd Mat Mat Maximum Alert Level . | . . . Low Security (%) 100 | 100 100 100 Level 1 . | . . . Level 2 . | . . . Level 3 . | . . . Level 4 . | . . . Level 5 . | . . . High Security . | . . . Max Security . | . . . Peak Influence 12 | . 12 5 Initial 5 | . . 5 Average 2 | . 3 5 Influence Increases 49 | . 34 15 Destroy 0b10 Robot/NC 5 | . 5 . Destroy Leader 2 | . 2 . Successful Hack 12 | . 12 . Partial Spotted 15 | . . 15 Lose Combat Pursuer 15 | . 15 . Influence Decreases 29 | . 19 10 Entered New Map 10 | . . 10 Time Decay 19 | . 19 . Squads Dispatched . | . . . Investigation . | . . . Extermination . | . . . Reinforcement . | . . . Assault . | . . . Garrison . | . . . Intercept . | . . . Searches Triggered . | . . . Construction Impeded . | . . . Haulers Reinforced . | . . . Active Scanning Responses . | . . . Cargo Convoy Interrupts . | . . . Stealth | -11 -10 -9 --------- Run | Yrd Mat Mat Distress Signals . | . . . Communications Jammed . | . . . Distress Signals . | . . . Times Spotted 10 | . 10 . Peak Tracking Total 11 | . 11 . Tactical Retreats 1 | . 1 . Traps | -11 -10 -9 ------- Run | Yrd Mat Mat Traps Triggered . | . . . Indirectly . | . . . Trap Hack Attempts . | . . . Triggered . | . . . Disarmed . | . . . Reprogrammed . | . . . Reused . | . . . Traps Extracted . | . . . Installed . | . . . Triggered . | . . . Machines | -11 -10 -9 ---------- Run | Yrd Mat Mat Machines Disabled . | . . . Max in Single Turn . | . . . Machines Repaired . | . . . Machines Dismantled . | . . . Machines Sabotaged . | . . . Overloaded Fab Kills . | . . . Hacking | -11 -10 -9 --------- Run | Yrd Mat Mat Machines Accessed 2 | . 2 . Terminals 2 | . 2 . Fabricators . | . . . Repair Stations . | . . . Recycling Units . | . . . Scanalyzers . | . . . Garrison Access . | . . . Total Hacks 6 | . 6 . Successful 3 | . 3 . Failed 3 | . 3 . Catastrophic 1 | . 1 . Database Lockouts . | . . . Manual . | . . . Terminals 6 | . 6 . Fabricators . | . . . Repair Stations . | . . . Recycling Units . | . . . Scanalyzers . | . . . Garrison Access . | . . . Terminal Hacks 3 | . 3 . Hauler Manifests 1 | . 1 . Registered Prototypes 1 | . 1 . Zone Layout 1 | . 1 . Fabricator Hacks . | . . . Repair Station Hacks . | . . . Recycling Unit Hacks . | . . . Scanalyzer . | . . . Garrison Access Hacks . | . . . Unauthorized Hacks . | . . . Terminals . | . . . Fabricators . | . . . Repair Stations . | . . . Recycling Units . | . . . Scanalyzers . | . . . Garrison Access . | . . . Data Cores Recovered . | . . . Used . | . . . Hacking Detections 2 | . 2 . Full Trace Events . | . . . Feedback Events . | . . . Feedback Blocked . | . . . Robot Schematics Acquired . | . . . Robots Built . | . . . Authchips . | . . . Time . | . . . Total Robot Build Rating . | . . . Part Schematics Acquired . | . . . Parts Built . | . . . Authchips . | . . . Time . | . . . Total Part Build Rating . | . . . Part Studies Acquired . | . . . Parts Repaired . | . . . Time . | . . . Parts Recycled . | . . . Recycled Matter . | . . . Retrieved Matter . | . . . Retrieved Components . | . . . Parts Scanalyzed . | . . . Part Schematics Acquired . | . . . Parts Damaged . | . . . Bothacking | -11 -10 -9 ------------ Run | Yrd Mat Mat Used RIF Installer . | . . . Robots Hacked . | . . . Non-combat . | . . . Combat . | . . . Robot Hacks Applied . | . . . Relay Couplers Released . | . . . Fabnet Peak Effective % . | . . . Robots Rewired . | . . . Allies Hacked . | . . . Hacks Repelled . | . . . Allies | -11 -10 -9 -------- Run | Yrd Mat Mat Total Allies . | . . . Largest Group . | . . . Highest-Rated Group . | . . . Highest-Rated Ally . | . . . Total Orders . | . . . Ally Attacks . | . . . Total Damage . | . . . Kills . | . . . Allies Corrupted . | . . . Allies Melted . | . . . Intel | -11 -10 -9 ------- Run | Yrd Mat Mat Active Infowar (turns) . | . . . Robot Analysis Total . | . . . Derelict Logs Recovered . | . . . Drone Launches . | . . . Drone Recoveries . | . . . Exploration | -11 -10 -9 ------------- Run | Yrd Mat Mat Turns Passed 107 | 14 89 4 Spaces Moved 160 | 25 125 10 Core 83 | 25 58 . Treads . | . . . Legs . | . . . Wheels . | . . . Hover . | . . . Flight 77 | . 67 10 Fastest Speed 37 | 50 37 37 Average Speed 43 | 50 43 37 Slowest Speed 50 | 50 50 37 Overloaded Moves . | . . . Propulsion Burnouts . | . . . Robots Hopped . | . . . Potential Cave-ins . | . . . Cave-ins Triggered . | . . . Exploration Rate (%) 13 | 3 34 3 Regions Visited 2 Branch Regions . Pre-discovered Areas . | . . . Known Exits Taken . | . . . Unknown Exits Taken 2 | 1 1 . Scrap Searched . | . . . Spaces Dug . | . . . Terrain Destroyed . | . . . Melee . | . . . Projectile . | . . . AOE . | . . . Terrain Rammed . | . . . Walls Destroyed . | . . . Machines Disabled . | . . . Actions | -11 -10 -9 --------- Run | Yrd Mat Mat Total 182 | 25 147 10 Wait 7 | . 7 . Move 158 | 24 124 10 Hop . | . . . Pick Up . | . . . Fast Attach 5 | 1 4 . Attach . | . . . Detach . | . . . Swap . | . . . Drop 1 | . 1 . Fire 11 | . 11 . Melee . | . . . Ram . | . . . Kick . | . . . Crush . | . . . Escape Stasis . | . . . Rewire . | . . . Trap . | . . . Miscellaneous . | . . . Route ------- -11/Scrapyard -10/Materials -9/Materials History --------- Turn | Location | Event 3 | -11/Scrapyard | Discovered new exit (range 16) 15 | -11/Scrapyard | Entered Materials 52 | -10/Materials | Upgraded with Propulsion slot (x1) 98 | -10/Materials | Discovered new exit (range 14) 104 | -10/Materials | Entered another Materials area 106 | -9/Materials | Reached level 2 108 | -9/Materials | Self-destructed Last Messages --------------- 6x Lgt. Ion Engine A-02 Transporter 1x Sml. Battery 3x Med. Matter Pod 1x Matter (51) 00041_ K-01 Serf collects debris. 00052_ Upgraded: Propulsion Slot (+1) 00054_ Acquired Flight Unit. 00062_ K-01 Serf collects debris. 00083_ A-02 Transporter suffers critical hit (Burn). 00083_ Lgt. Treads melted. 00083_ A-02 Transporter destroyed. 00086_ Acquired Lgt. Ion Engine. 00088_ Acquired 40 matter. 00090_ R-06 Scavenger collects Lgt. Ion Engine. 00095_ U-05 Engineer lays Concrete. 00098_ EXIT=FOUND LOCATION=UNKNOWN GOAL=ESCAPE 00106_ Reached level 2. Map ----- +----------------------------------------------------+ | | | | | | | | | ??????????????????????????????? | | ??????????????????????????????? | | ??????????????????????????????? | | ??????????????????????????????? | | ??????????????????????????????? | | ??????????????????????????????? | | ??????????????????????????????? | | ??????????????????????????????? | | ??????????????????????????????? | | ??????????????????????????????? | | ????????????????????#####?????? | | ????????????????????# #?????? | | ????????????????????# #?????? | | ????????????????????# #?????? | | ????????????????????# ####### | | ????????????????????# # # | | ????????????????????# #] # | | ????????????????????# # # | | ????????????????????# # # | | ????????????????????# # # | | ????????????????????# # # | | ????????????????????# /@ # | | ????????????????????# # # | | ????????????????????# # # | | ????????????????????# # # | | ????????????????????# # # | | ????????????????????# # # | | ????????????????????# ####### | | ????????????????????# #?????? | | ????????????????????# ??????? | | ????????????????????# ??????? | | ????????????????????# ??????? | | ???????????????????? ??????? | | ???????????????????? ]??????? | | ???????????????????? ??????? | | ????????????????????? ??????? | | ??????????????????????????????? | | ??????????????????????????????? | | ??????????????????????????????? | | ??????????????????????????????? | | ??????????????????????????????? | | ??????????????????????????????? | | ??????????????????????????????? | | ??????????????????????????????? | | ??????????????????????????????? | | ??????????????????????????????? | +----------------------------------------------------+ Best States ------------- Heat Dissipation 25 Energy Generation 10 Energy Capacity 125 Matter Stores 300 Matter Capacity 300 Sight Range 16 Terrain Scan Density 10 Evasion (%) 62 Offensive Hacking 10 Item Schematics ----------------- None Robot Schematics ------------------ None Fabricated ------------ Nothing Repaired ---------- Nothing Studied --------- None Alien Tech Used ----------------- None Achievements -------------- None Challenges ------------ None RPGLIKE | -11 -10 -9 --------- Run | Yrd Mat Mat Levels Raised 1 | . . 1 XP Earned 4540 | 3000 40 1500 XP Spent 1100 | . 1100 . Upgrades 3 | . 3 . Propulsion Slot 1 | . 1 . Hack Attack % 2 | . 2 . Protomatter Created . | . . . Protomatter Decayed . | . . . Game ------ Seed SmallWarlordShredder Manual? 0 Play Time 00:02:40 Cumulative 49.7 hours Start 2025.11.16 @ 05:58:47 End 2025.11.16 @ 06:04:04 Sessions 1 Manual Loads 0 Difficulty Rogue Special Mode Winter2019/RPGLIKE Game No. 101 Rogue 101 Adventurer 0 Explorer 0 Win Type - Total 0 Types 0/0/0/0/0/0/0/0/0/0 Lore% 21 Gallery% 35 Achievement% 27 Wizard Run 0 Options --------- Layout 0 ASCII 0 Keyboard 0 Movement Mouse Keybinds 0 Fullscreen 2 Font 18/SmallcapsGlow Map View 76x50 Zoom Use 0% Tactical HUD 1 Map Filters NONE Filters NONE Steam 1 RUN: 7f411389-ff8e-4830-843d-66c1dc1f429d